[Event "Titled Tuesday Blitz August 15 Early 2023"]
[White "Parkhov, Yair"]
[Black "Hakobyan, Aram"]
[WhiteFideId "2813408"]
[BlackFideId "13306677"]
[WhiteElo "2666"]
[BlackElo "2962"]
[Result "0-1"]
[Round "3"]
[TimeControl "180+1"]
[Date "2023.08.15"]
[WhiteClock "0:00:00"]
[BlackClock "0:00:37"]
[Board "22"]

1. d4 Nf6 2. Nc3 d5 3. Bf4 c5 4. e3 cxd4 5. exd4 a6 6. Nf3 Nc6 7. Be2 Bg4 8. Ne5 Bxe2 9. Nxe2 e6 10. c3 Bd6 11. O-O Qc7 12. Nd3 O-O 13. Bxd6 Qxd6 14. Qd2 Ne4 15. Qf4 Qxf4 16. Nexf4 Rfc8 17. f3 Nd6 18. h4 b5 19. a3 a5 20. Nc5 Nc4 21. Nfd3 h5 22. Kf2 b4 23. axb4 axb4 24. Nxb4 Nxb4 25. cxb4 Rab8 26. b3 Nd6 27. Ra4 Nb5 28. Ke3 Nc3 29. Ra5 Rxb4 30. Rc1 Nb5 31. Ra4 Rxa4 32. bxa4 Nd6 33. Ra1 e5 34. Kd3 Nf5 35. Nb3 Rb8 36. Kc3 e4 37. a5 Nd6 38. a6 Nb5+ 39. Kd2 Na7 40. Nc5 exf3 41. gxf3 g6 42. Re1 Nc6 43. Rf1 Rb4 44. Ra1 Rxd4+ 45. Ke3 Rc4 46. Nb7 Na7 47. Nd6 Rxh4 48. Rb1 Ra4 49. Rb7 Rxa6 50. Nxf7 Nc6 51. Nh6+ Kf8 52. Rf7+ Ke8 53. Rg7 Ne7 54. Ng8 Nf5+ 0-1


[Site "https://www.chess.com"]

[Event "Titled Tuesday Blitz August 15 Early 2023"]
[White "Kleiman, Jake"]
[Black "Makarian, Rudik"]
[WhiteFideId "2020041"]
[BlackFideId "44105681"]
[WhiteElo "2660"]
[BlackElo "2958"]
[Result "0-1"]
[Round "3"]
[TimeControl "180+1"]
[Date "2023.08.15"]
[WhiteClock "0:00:06"]
[BlackClock "0:00:24"]
[Board "23"]

1. e4 c5 2. c3 d5 3. exd5 Nf6 4. d4 Nxd5 5. Nf3 e6 6. Bd3 Nc6 7. O-O Be7 8. Re1 O-O 9. a3 b6 10. Bc2 cxd4 11. cxd4 Bb7 12. Qd3 g6 13. Bh6 Re8 14. Nc3 Bf6 15. Rad1 Rc8 16. Bb3 Na5 17. Ba2 Nxc3 18. bxc3 Bd5 19. Bb1 Qc7 20. Rc1 Qb7 21. Ne5 Bxg2 22. Qg3 Bd5 23. Ng4 Bh8 24. Qh4 f5 25. Nf6+ Bxf6 26. Qxf6 Qe7 27. Qe5 Nc4 28. Qg3 Qxa3 29. h4 Kf7 30. Kh2 Qd6 31. Bf4 Qe7 32. Bg5 Qd7 33. Bf4 Rg8 34. Ba2 b5 35. Bxc4 Rxc4 36. Qg5 Qe7 37. Qh6 Ke8 38. Bg3 g5 39. hxg5 Rg6 40. Qh3 Qxg5 41. Bh4 Qg2+ 42. Qxg2 Rxg2+ 43. Kh1 Rg4+ 44. Kh2 Rxh4+ 0-1


[Site "https://www.chess.com"]

[Event "Titled Tuesday Blitz August 15 Early 2023"]
[White "Pax-Pramana"]
[Black "Shtembuliak, Evgeny"]
[BlackFideId "14113325"]
[WhiteElo "2659"]
[BlackElo "2954"]
[Result "0-1"]
[Round "3"]
[TimeControl "180+1"]
[Date "2023.08.15"]
[WhiteClock "0:00:09"]
[BlackClock "0:00:05"]
[Board "24"]

1. e4 e5 2. Nc3 Nf6 3. g3 Bc5 4. Bg2 d6 5. Nge2 h5 6. h3 Nc6 7. d3 a6 8. Bg5 Nd4 9. Nd5 c6 10. Nxf6+ gxf6 11. Bh4 Be6 12. c3 Nxe2 13. Qxe2 d5 14. f4 dxe4 15. Bxe4 Be7 16. fxe5 fxe5 17. Bxe7 Qxe7 18. a3 Qg5 19. Qf2 Rg8 20. Bf3 O-O-O 21. Rd1 Qxg3 22. Qxg3 Rxg3 23. Kf2 h4 24. Rhe1 f6 25. d4 Bxh3 26. dxe5 Rxd1 27. Rxd1 fxe5 28. Re1 Rg5 29. Rh1 Rg3 30. Rxh3 Rxh3 31. Bg4+ Kc7 32. Bxh3 Kd6 33. Ke3 Kd5 34. Bf1 a5 35. a4 Kc5 36. Ke4 b5 37. Kxe5 bxa4 38. Ke6 h3 39. Bxh3 Kc4 40. Ke5 Kb3 41. Kd4 Kxb2 42. c4 a3 43. c5 a2 44. Bd7 a1=Q 45. Bxc6 Qd1+ 46. Ke5 Qe1+ 47. Kd6 Qd2+ 48. Bd5 Qb4 49. Be6 a4 50. Kd5 Qb3+ 51. Kd6 Qb4 52. Kd5 a3 53. c6 Qb6 54. Kd6 a2 55. Bxa2 Kxa2 56. Kd7 Qd4+ 57. Kc8 Qg4+ 58. Kb8 Qb4+ 59. Kc8 Qf8+ 60. Kb7 Qf3 61. Kb6 Qb3+ 62. Ka7 Qa4+ 63. Kb7 Qb5+ 64. Kc7 Kb3 65. Kd6 Qd3+ 66. Kc7 Kb4 67. Kc8 Qf5+ 68. Kb8 Qb5+ 69. Kc7 Kc5 70. Kd8 Qxc6 71. Ke7 Qa6 72. Kf7 Kd5 73. Ke7 Ke5 74. Kd8 Qa7 75. Ke8 Ke6 76. Kf8 Qf7# 0-1


[Site "https://www.chess.com"]

[Event "Titled Tuesday Blitz August 15 Early 2023"]
[White "Iskusnyh, Sergei"]
[Black "Terry, Renato"]
[WhiteFideId "4120027"]
[BlackFideId "3803457"]
[WhiteElo "2651"]
[BlackElo "2926"]
[Result "0-1"]
[Round "3"]
[TimeControl "180+1"]
[Date "2023.08.15"]
[WhiteClock "0:00:00"]
[BlackClock "0:00:22"]
[Board "25"]

1. d4 e6 2. c4 Bb4+ 3. Bd2 Bxd2+ 4. Qxd2 Nf6 5. g3 d6 6. Bg2 O-O 7. Nf3 Qe7 8. Nc3 e5 9. O-O c6 10. e4 Bg4 11. Rfe1 Bxf3 12. Bxf3 c5 13. d5 Nbd7 14. Rab1 g6 15. a3 Rac8 16. Qd3 Kg7 17. b4 cxb4 18. axb4 Nb6 19. Ra1 Rxc4 20. Rxa7 Rfc8 21. Ne2 Rxb4 22. Rb1 Rxb1+ 23. Qxb1 Qc7 24. h4 Ra8 25. Rxa8 Nxa8 26. Qb4 Nb6 27. h5 Qc5 28. Qd2 h6 29. hxg6 fxg6 30. Qb2 Qc7 31. Kg2 Nc4 32. Qc3 Qc5 33. Qb3 b5 34. Qa2 Qa3 35. Qc2 Qb2 36. Qd3 h5 37. Nc3 Qb3 38. Be2 Nd7 39. Nxb5 Qxb5 40. Qxc4 Qb8 41. Qc6 Nc5 42. Bb5 Nxe4 43. Qd7+ Kh6 44. Bd3 Nc5 45. Qb5 Qf8 46. Qb4 Nxd3 47. Qd2+ Nf4+ 48. gxf4 Qxf4 49. Qa5 h4 50. Qd8 Qg4+ 51. Kf1 Qd1+ 52. Kg2 Qxd5+ 53. Kh2 Qd4 54. Qh8+ Kg5 55. Qd8+ Kf5 56. Qf8+ Ke4 57. Qf7 g5 58. Qg6+ Kf3 59. Qf5+ Qf4+ 60. Kh1 Qxf5 0-1


[Site "https://www.chess.com"]

[Event "Titled Tuesday Blitz August 15 Early 2023"]
[White "Kovalenko, Igor"]
[Black "Shuvalova, Polina"]
[WhiteFideId "14117908"]
[BlackFideId "24171760"]
[WhiteElo "2926"]
[BlackElo "2646"]
[Result "1-0"]
[Round "3"]
[TimeControl "180+1"]
[Date "2023.08.15"]
[WhiteClock "0:00:23"]
[BlackClock "0:00:00"]
[Board "26"]

1. c4 e6 2. Nf3 d5 3. g3 Nf6 4. Bg2 Be7 5. O-O O-O 6. b3 b6 7. Bb2 Bb7 8. Ne5 Nbd7 9. Nxd7 Qxd7 10. d4 Rfd8 11. Qc2 Rac8 12. cxd5 Bxd5 13. e4 Bb7 14. Rd1 c5 15. d5 exd5 16. exd5 Ne8 17. Nc3 Bf6 18. h4 Nd6 19. Kh2 Qc7 20. Rac1 Re8 21. a4 a6 22. Ba3 h6 23. Ne2 a5 24. Nf4 Rcd8 25. Nh5 Be7 26. Bb2 Bf8 27. Qc3 f6 28. Qc2 Qf7 29. Nf4 Bc8 30. Ne6 Rd7 31. f4 f5 32. Re1 Rde7 33. Re5 Bxe6 34. dxe6 Qg6 35. Rce1 Kh8 36. Bd5 Ne4 37. R1xe4 fxe4 38. h5 Qg4 39. Qxe4 Qd1 40. Bc4 Qd2+ 41. Qe2 Qxe2+ 42. Rxe2 Rd8 43. Kh3 Rc7 44. Kg4 Be7 45. Kf5 Kh7 46. Be5 Rf8+ 47. Ke4 Rcc8 48. Rd2 Rcd8 49. Rd7 Rxd7 50. exd7 Rd8 51. Be6 Bf6 52. Bxf6 gxf6 53. Kd5 Kg7 54. Kd6 Kf8 55. g4 c4 56. Bxc4 1-0


[Site "https://www.chess.com"]

[Event "Titled Tuesday Blitz August 15 Early 2023"]
[White "Nefedov, Sergey"]
[Black "Drygalov, Andrey"]
[WhiteFideId "24113417"]
[BlackFideId "24171735"]
[WhiteElo "2641"]
[BlackElo "2924"]
[Result "0-1"]
[Round "3"]
[TimeControl "180+1"]
[Date "2023.08.15"]
[WhiteClock "0:00:00"]
[BlackClock "0:00:11"]
[Board "27"]

1. d4 Nf6 2. Nf3 d5 3. c4 e6 4. Nc3 c6 5. Bg5 h6 6. Bxf6 Qxf6 7. Qb3 Nd7 8. e4 dxe4 9. Nxe4 Qf4 10. Bd3 e5 11. O-O Be7 12. Ng3 exd4 13. Rfe1 Nc5 14. Qc2 Be6 15. b4 Nxd3 16. Qxd3 O-O 17. Re4 Qf6 18. Nxd4 Bxb4 19. Rb1 Bc5 20. Nxe6 fxe6 21. Rf1 Rad8 22. Qe2 Qc3 23. Rg4 Rde8 24. Ne4 Qe5 25. Qd3 Bd4 26. Qh3 h5 27. Kh1 hxg4 28. Qxg4 Qf5 29. Qe2 Be5 0-1


[Site "https://www.chess.com"]

[Event "Titled Tuesday Blitz August 15 Early 2023"]
[White "Perez Ponsa, Federico"]
[Black "Arias, Juan Cruz"]
[WhiteFideId "117927"]
[BlackFideId "118540"]
[WhiteElo "2922"]
[BlackElo "2638"]
[Result "1-0"]
[Round "3"]
[TimeControl "180+1"]
[Date "2023.08.15"]
[WhiteClock "0:00:08"]
[BlackClock "0:00:00"]
[Board "28"]

1. e4 c6 2. Nf3 d5 3. Nc3 dxe4 4. Nxe4 Nf6 5. Qe2 Nxe4 6. Qxe4 Nd7 7. Bc4 Nf6 8. Ne5 e6 9. Qe2 b5 10. Bd3 Qc7 11. b3 Bd6 12. Bb2 Bb7 13. O-O a6 14. Rae1 O-O 15. f4 c5 16. Ng4 Nxg4 17. Qxg4 f5 18. Qg5 c4 19. Be2 Rae8 20. bxc4 bxc4 21. Bh5 Re7 22. Bc3 Bd5 23. h3 Qc6 24. Bf3 Rff7 25. Bxd5 exd5 26. Bd4 Bc5 27. Bxc5 Qxc5+ 28. Kh2 h6 29. Qg6 Rf6 30. Qg3 Rfe6 31. Rb1 Kh7 32. Qf3 Qd4 33. Rf2 Re4 34. c3 Qd3 35. Qxd3 cxd3 36. Rf3 Re2 37. Rxd3 Rf2 38. Rb4 Ree2 39. Rg3 Re7 40. Rd4 Rd7 41. Re3 g5 42. fxg5 hxg5 43. Re5 Rb7 44. Kg1 Rf4 45. Rxf4 gxf4 46. Rxd5 Rb1+ 47. Kf2 Rb2 48. a4 Kg6 49. a5 Kg5 50. Kf3 Ra2 51. h4+ Kxh4 52. Kxf4 Ra4+ 53. Kxf5 Kg3 54. d3 Kxg2 55. c4 Kf3 56. Ke6 Ke3 57. c5 Rxa5 58. c6 1-0


[Site "https://www.chess.com"]

[Event "Titled Tuesday Blitz August 15 Early 2023"]
[White "Eynullayev, Atilla"]
[Black "Kazakouski, Valery"]
[WhiteFideId "13413570"]
[BlackFideId "13507443"]
[WhiteElo "2635"]
[BlackElo "2917"]
[Result "0-1"]
[Round "3"]
[TimeControl "180+1"]
[Date "2023.08.15"]
[WhiteClock "0:00:01"]
[BlackClock "0:00:35"]
[Board "29"]

1. d4 Nf6 2. c4 e6 3. Nc3 Bb4 4. e3 b6 5. Ne2 Ba6 6. a3 Bxc3+ 7. Nxc3 d5 8. b3 O-O 9. Be2 dxc4 10. bxc4 Nc6 11. Nb5 e5 12. d5 Na5 13. a4 c6 14. dxc6 Qxd1+ 15. Bxd1 Rfc8 16. c7 Nxc4 17. Be2 Bxb5 18. axb5 Rxc7 19. Ra4 Rac8 20. O-O h6 21. Rd1 Ne4 22. Bxc4 Rxc4 23. Rxc4 Rxc4 24. f3 Nc3 25. Rd8+ Kh7 26. Bb2 Nxb5 27. Bxe5 f6 28. Bb2 Rc2 29. Bd4 Rd2 30. Ra8 Nxd4 31. exd4 a5 32. Ra6 Rxd4 33. Rxb6 Rd2 34. Ra6 Ra2 35. h4 Kg6 36. Kh2 Kf5 37. Kg3 g5 38. h5 Ke5 39. Ra7 a4 40. Rh7 Rb2 41. Rxh6 Rb8 42. Rh7 Ra8 43. Re7+ Kf5 44. Re2 a3 45. Ra2 Ra4 46. Kh3 Ke6 47. g4 Ra7 48. Kg3 Kd5 49. f4 Kc4 50. fxg5 fxg5 51. Kf3 Rf7+ 52. Ke4 Rf4+ 53. Ke5 Kb3 54. Rh2 a2 55. Rh1 Rxg4 56. Rh3+ Kb4 57. Rh1 Rh4 58. Ra1 Kb3 59. Kf5 Rxh5 0-1


[Site "https://www.chess.com"]

[Event "Titled Tuesday Blitz August 15 Early 2023"]
[White "Kuzhilniy, Oleksandr"]
[Black "Zhigalko, Sergei"]
[WhiteFideId "34110500"]
[BlackFideId "13502956"]
[WhiteElo "2631"]
[BlackElo "2915"]
[Result "0-1"]
[Round "3"]
[TimeControl "180+1"]
[Date "2023.08.15"]
[WhiteClock "0:00:17"]
[BlackClock "0:00:03"]
[Board "30"]

1. b3 e5 2. Bb2 d6 3. c4 Nf6 4. e3 c6 5. d4 e4 6. d5 Na6 7. Nc3 Bf5 8. Nge2 Rc8 9. Ng3 Bg6 10. dxc6 bxc6 11. Be2 Be7 12. O-O O-O 13. h4 h6 14. h5 Bh7 15. Qd4 Nc5 16. Rfd1 a5 17. Rac1 Qc7 18. Qd2 Rfd8 19. Ba3 Qa7 20. Qc2 Nd3 21. Bxd3 exd3 22. Qd2 d5 23. Bxe7 Qxe7 24. cxd5 cxd5 25. f3 Qe5 26. Kf2 Nxh5 27. f4 Nxf4 28. exf4 Qd4+ 29. Qe3 Qxe3+ 30. Kxe3 d4+ 31. Kd2 dxc3+ 32. Rxc3 Rxc3 33. Kxc3 Rc8+ 34. Kd4 Rc2 35. Ne4 Bxe4 36. Kxe4 Rxa2 37. g4 d2 38. Kd3 g6 39. Rg1 Kg7 40. g5 hxg5 41. fxg5 Rb2 42. Kc3 Ra2 43. Rd1 Kf8 44. Kc4 Ke7 45. Kd5 Kd7 46. Kc5 Ke6 47. Kd4 Kf5 48. Kc3 Kxg5 49. Rxd2 Rxd2 50. Kxd2 f5 0-1


[Site "https://www.chess.com"]

[Event "Titled Tuesday Blitz August 15 Early 2023"]
[White "Demchenko, Anton"]
[Black "Dobrikov, Marco"]
[WhiteFideId "4160258"]
[BlackFideId "12950378"]
[WhiteElo "2914"]
[BlackElo "2605"]
[Result "1-0"]
[Round "3"]
[TimeControl "180+1"]
[Date "2023.08.15"]
[WhiteClock "0:00:53"]
[BlackClock "0:00:21"]
[Board "31"]

1. e4 e5 2. Nf3 Nc6 3. Bc4 Nf6 4. d3 h6 5. a4 d6 6. c3 g5 7. a5 a6 8. Qb3 Qe7 9. h4 g4 10. Nh2 Bg7 11. Nf1 O-O 12. Ng3 Be6 13. Bxe6 fxe6 14. Qxb7 Qd7 15. Qb3 Rab8 16. Qa4 Rb5 17. b4 d5 18. Na3 Rbb8 19. O-O Qd6 20. Be3 d4 21. Nc4 Qd7 22. Bd2 dxc3 23. Bxc3 Qxd3 24. Qxc6 Qxc3 25. Qxe6+ Kh8 26. Nxe5 Rfe8 27. Ng6+ Kh7 28. Qf5 Rb5 29. e5 Kg8 30. Rac1 Qxb4 31. Rxc7 Qxa5 32. Rxg7+ Kxg7 33. Qxf6+ Kg8 34. Ne7+ Rxe7 35. Qxe7 Rxe5 36. Qf6 Kh7 37. h5 Qd5 38. Qg6+ Kh8 39. Qxh6+ Kg8 40. Rc1 Qe6 41. Qd2 a5 42. Rb1 a4 43. Rb8+ Kg7 44. Qd8 Qe7 45. Nf5+ Kf6 46. Nxe7 g3 47. Nc6+ Kf5 48. Qd3+ Re4 49. Rf8+ Ke6 50. Qxe4+ Kd7 51. Rf7+ Kc8 52. fxg3 a3 53. Nd4 a2 54. Qe6+ Kb8 55. Qb6+ Kc8 56. Qa6+ Kd8 57. Qxa2 Ke8 58. h6 Kd8 59. h7 Ke8 60. g4 Kd8 61. g5 Ke8 62. g6 Kd8 63. g7 Ke8 64. g4 Kd8 65. g5 Kc8 66. g6 Kd8 67. Kg2 Ke8 68. Kg3 Kd8 69. Kf4 Ke8 70. Ke5 Kd8 71. Kd6 Ke8 72. Qd5 Kd8 73. Nf3 Ke8 74. Ne5 Kd8 75. h8=Q# 1-0


[Site "https://www.chess.com"]

[Event "Titled Tuesday Blitz August 15 Early 2023"]
[White "Manukyan, Sargis A."]
[Black "Grigorjev, Iljya"]
[WhiteFideId "13303970"]
[BlackFideId "24159565"]
[WhiteElo "2598"]
[BlackElo "2910"]
[Result "0-1"]
[Round "3"]
[TimeControl "180+1"]
[Date "2023.08.15"]
[WhiteClock "0:00:06"]
[BlackClock "0:00:32"]
[Board "32"]

1. d4 Nf6 2. c4 g6 3. Nc3 d5 4. Bf4 Bg7 5. e3 O-O 6. Rc1 c5 7. dxc5 Ne4 8. cxd5 Nxc3 9. bxc3 Qa5 10. Ne2 Rd8 11. e4 Na6 12. Be3 Nxc5 13. Bxc5 Qxc5 14. Nd4 e6 15. dxe6 Bxe6 16. Be2 Bxa2 17. O-O Bc4 18. Qa4 b5 19. Qc2 Bxd4 20. cxd4 Rxd4 21. Rfe1 Rad8 22. e5 Qxe5 23. Bxc4 Rxc4 24. Rxe5 Rxc2 25. Ra1 Rcd2 26. Ree1 R8d7 27. g3 Rc2 28. Kg2 Rdd2 29. Rxa7 Rxf2+ 30. Kh3 Rxh2+ 31. Kg4 h5+ 32. Kg5 Kg7 33. Re5 Rc4 34. Rxf7+ Kxf7 35. g4 Rxg4+ 36. Kh6 b4 37. Rb5 Rb2 38. Rb7+ Ke6 39. Rb6+ Kd5 40. Rb5+ Kc4 41. Rb8 b3 42. Rc8+ Kd3 43. Rd8+ Kc2 44. Rc8+ Kb1 45. Rf8 Rc2 46. Rf3 b2 47. Rf7 Ra4 48. Rf1+ Ka2 49. Rf3 b1=Q 50. Rg3 h4 51. Rg5 h3 52. Kg7 h2 53. Kh7 h1=Q+ 54. Kg7 Rc7+ 55. Kf6 Qb6+ 56. Ke5 Rc5# 0-1


[Site "https://www.chess.com"]

[Event "Titled Tuesday Blitz August 15 Early 2023"]
[White "Di Nicolantonio, Lucas"]
[Black "Donchenko, Alexander"]
[WhiteFideId "680460"]
[BlackFideId "24603295"]
[WhiteElo "2575"]
[BlackElo "2907"]
[Result "1-0"]
[Round "3"]
[TimeControl "180+1"]
[Date "2023.08.15"]
[WhiteClock "0:00:10"]
[BlackClock "0:00:13"]
[Board "33"]

1. e4 c5 2. Nf3 d6 3. d4 cxd4 4. Nxd4 Nf6 5. Nc3 a6 6. a4 g6 7. Be2 Bg7 8. O-O O-O 9. Be3 Nc6 10. Nxc6 bxc6 11. a5 Rb8 12. Bb6 Qe8 13. Rb1 Nd7 14. Bd4 Ne5 15. f4 c5 16. Bxe5 dxe5 17. f5 Bh6 18. Nd5 Bb7 19. Bc4 Kh8 20. Qg4 Bxd5 21. Bxd5 gxf5 22. exf5 Rg8 23. Qh5 Qf8 24. Qxf7 Qxf7 25. Bxf7 Rg4 26. Be6 Rb5 27. f6 Rg6 28. fxe7 Rxe6 29. Rf8+ Kg7 30. e8=Q Rxe8 31. Rxe8 Rxa5 32. Rxe5 Rb5 33. Re7+ Kg8 34. Re6 Bg7 35. Rxa6 Bxb2 36. Kf1 Rb4 37. g3 Rb8 38. Kg2 c4 39. c3 Rb3 40. Ra2 Bxc3 41. Rc1 h5 42. Rac2 Bf6 43. Rxc4 Kg7 44. R1c2 Rb5 45. Rc5 Rxc5 46. Rxc5 Kg6 47. Kf3 Bd4 48. Rd5 Bb2 49. Ke4 Bc3 50. h4 Bb2 51. Rd6+ Kg7 52. Kf5 Bc1 53. Rg6+ Kh7 54. Rc6 Bd2 55. Rc7+ Kh6 56. Rc8 Kh7 57. Ke4 Kg7 58. Rc5 Kh6 59. Kf3 Kg6 60. Rd5 Bc1 61. Rd6+ Kg7 62. Ke4 Kh7 63. Rc6 Bd2 64. Kf5 Be3 65. Ra6 Bd2 66. Ra7+ Kh6 67. Re7 Bc1 68. Re6+ Kh7 69. Kf6 Bd2 70. Kf7 Bc3 71. Rg6 Bd2 72. Rg5 Kh6 73. Rg8 Kh7 74. Rg7+ Kh6 75. Rg6+ Kh7 76. Rd6 Be3 77. Rd5 Kh6 78. Kf6 Bc1 79. Kf5 Be3 80. Rd3 Bc1 81. Rf3 Bd2 82. Ke4 Bc1 83. Rf2 Kg6 84. Rc2 Bh6 85. Rc6+ Kg7 86. Rxh6 Kxh6 87. Kf5 1-0


[Site "https://www.chess.com"]

[Event "Titled Tuesday Blitz August 15 Early 2023"]
[White "He, Anthony"]
[Black "Yelisieiev, Yevhenii"]
[WhiteFideId "2088215"]
[BlackFideId "14139642"]
[WhiteElo "2906"]
[BlackElo "2557"]
[Result "1-0"]
[Round "3"]
[TimeControl "180+1"]
[Date "2023.08.15"]
[WhiteClock "0:00:41"]
[BlackClock "0:00:00"]
[Board "34"]

1. d4 d6 2. Nf3 Nf6 3. Bf4 Nbd7 4. e3 g6 5. h3 Bg7 6. c3 O-O 7. Nbd2 b6 8. Be2 Bb7 9. O-O e6 10. a4 a6 11. b4 Qe7 12. Bh2 e5 13. Qb3 Ne4 14. Nxe4 Bxe4 15. Nd2 Bb7 16. Bc4 Nf6 17. Rfe1 Kh8 18. dxe5 dxe5 19. Rad1 Rad8 20. Qc2 Nd5 21. Nf3 f5 22. Bg3 e4 23. Nd4 Nxc3 24. Qxc3 c5 25. bxc5 bxc5 26. Nxf5 Bxc3 27. Nxe7 Rfe8 28. Bh4 Kg7 29. Rxd8 Rxd8 30. Rb1 Rd7 31. Rb6 Be5 32. g4 h6 33. Rxg6+ Kh7 34. Bg8+ Kh8 35. Rxh6+ Kg7 36. Rh7+ Kf8 37. Ng6+ Kxg8 38. Rxd7 Bc6 39. Nxe5 Bxd7 40. Nxd7 c4 41. Bf6 Kf7 42. Bc3 Ke6 43. Ne5 Kd5 44. g5 Ke6 45. Nxc4 1-0


[Site "https://www.chess.com"]

[Event "Titled Tuesday Blitz August 15 Early 2023"]
[White "Eynullayev, Altay"]
[Black "Galchenko, Matvey"]
[WhiteFideId "13413562"]
[BlackFideId "24175480"]
[WhiteElo "2555"]
[BlackElo "2897"]
[Result "0-1"]
[Round "3"]
[TimeControl "180+1"]
[Date "2023.08.15"]
[WhiteClock "0:00:01"]
[BlackClock "0:00:24"]
[Board "35"]

1. e4 e6 2. d4 d5 3. e5 c5 4. c3 Qb6 5. Nf3 Nc6 6. a3 Nh6 7. Bd3 cxd4 8. O-O Bd7 9. b4 Nf5 10. Bxf5 exf5 11. cxd4 Be6 12. Nc3 Be7 13. Na4 Qd8 14. Bd2 Rc8 15. Rc1 h6 16. b5 Na5 17. Nc5 Nc4 18. Nxb7 Qb6 19. Nd6+ Bxd6 20. exd6 O-O 21. a4 Qxd6 22. Qb3 Rfd8 23. Bb4 Qf4 24. Bc5 Rd7 25. Rfe1 Rdc7 26. h3 Rb7 27. Rc3 a6 28. Ne5 axb5 29. axb5 Rcb8 30. Nxc4 Rxb5 31. Qd1 dxc4 32. d5 Rd8 33. Be3 Qc7 34. Qc2 Bxd5 35. Qxf5 Rb3 36. Bd4 Be6 37. Qe4 Qa5 38. Rc2 Rxd4 39. Qxd4 Qxe1+ 0-1


[Site "https://www.chess.com"]

[Event "Titled Tuesday Blitz August 15 Early 2023"]
[White "MaryanKyrychenko"]
[Black "Kovalev, Vladislav"]
[BlackFideId "13504398"]
[WhiteElo "2549"]
[BlackElo "2889"]
[Result "1-0"]
[Round "3"]
[TimeControl "180+1"]
[Date "2023.08.15"]
[WhiteClock "0:00:58"]
[BlackClock "0:00:11"]
[Board "36"]

1. e4 e5 2. Nf3 Nc6 3. d4 exd4 4. Nxd4 Qf6 5. Be3 Bc5 6. c3 Nge7 7. Be2 d5 8. O-O Bb6 9. Nb5 O-O 10. Bxb6 cxb6 11. Nc7 Rb8 12. Nxd5 Nxd5 13. exd5 Ne5 14. c4 Bf5 15. Nc3 Rbc8 16. Qb3 Qh4 17. Rad1 Rfd8 18. d6 Be6 19. Nd5 Kf8 20. Qa3 Nxc4 21. Bxc4 Qxc4 22. Nc7 Qxa2 23. d7+ Qxa3 24. Nxe6+ fxe6 25. dxc8=Q Rxc8 26. bxa3 Rc5 27. Rd7 Ra5 28. Ra1 b5 29. Rxb7 1-0


[Site "https://www.chess.com"]

[Event "Titled Tuesday Blitz August 15 Early 2023"]
[White "Ozen, Deniz"]
[Black "D`Arruda, Ricardo D."]
[WhiteFideId "6349196"]
[BlackFideId "100692"]
[WhiteElo "2868"]
[BlackElo "2537"]
[Result "0-1"]
[Round "3"]
[TimeControl "180+1"]
[Date "2023.08.15"]
[WhiteClock "0:00:11"]
[BlackClock "0:00:34"]
[Board "37"]

1. d4 Nf6 2. Nf3 g6 3. Bg5 Bg7 4. Nc3 d6 5. e4 O-O 6. Be2 Nc6 7. O-O h6 8. Be3 e5 9. dxe5 dxe5 10. h3 Be6 11. Bb5 Bd7 12. Qd2 Kh7 13. Rad1 a6 14. Bxc6 Bxc6 15. Qxd8 Raxd8 16. Rxd8 Rxd8 17. Nxe5 Bxe4 18. Nxf7 Rf8 19. Ne5 Bxc2 20. Rc1 Bf5 21. Ne2 Nd5 22. Bd4 Re8 23. f4 c6 24. g4 Bc8 25. Rf1 g5 26. Ng3 Nxf4 27. Nf3 Nxh3+ 28. Kh2 Bxg4 29. Bxg7 Kxg7 30. Nd4 Nf4 31. Rf2 Bd7 32. Rd2 Bg4 33. Nb3 h5 34. Nc5 Bc8 35. Nge4 Re5 36. b4 b6 37. Nd6 bxc5 38. Nxc8 cxb4 39. Nd6 Re2+ 40. Rxe2 Nxe2 41. Nb7 Nc3 42. Nc5 Nxa2 43. Kg3 a5 44. Na4 Nc3 45. Nc5 a4 46. Ne6+ Kf6 47. Nd4 c5 0-1


[Site "https://www.chess.com"]

[Event "Titled Tuesday Blitz August 15 Early 2023"]
[White "Durarbayli, Vasif"]
[Black "Mickiewicz, Piotr"]
[WhiteFideId "13402935"]
[BlackFideId "1114891"]
[WhiteElo "2852"]
[BlackElo "2528"]
[Result "1-0"]
[Round "3"]
[TimeControl "180+1"]
[Date "2023.08.15"]
[WhiteClock "0:00:22"]
[BlackClock "0:00:00"]
[Board "38"]

1. e4 c5 2. Nf3 d6 3. d4 cxd4 4. Nxd4 Nf6 5. Nc3 a6 6. h4 e5 7. Nf5 Bxf5 8. exf5 d5 9. Bg5 Bb4 10. Bxf6 Bxc3+ 11. bxc3 Qxf6 12. Qxd5 Nc6 13. Qe4 O-O 14. g4 Rfd8 15. g5 Qd6 16. Bd3 Qc5 17. Qc4 Qxc4 18. Bxc4 Na5 19. Bb3 Kf8 20. Rd1 Ke7 21. Ke2 b5 22. Bd5 Rac8 23. Rd3 Nc4 24. Rb1 Nd6 25. Re3 f6 26. Be6 Rc5 27. Rb4 a5 28. Rg4 b4 29. cxb4 Rxc2+ 30. Kf1 axb4 31. Rxb4 Rc1+ 32. Kg2 Rc7 33. a4 Ra8 34. Ra3 Rca7 35. Kg3 Ra5 36. Kg4 R8a7 37. f4 g6 38. fxg6 hxg6 39. Bb3 f5+ 40. Kg3 e4 41. Ra1 Rc5 42. Rd1 Rc3+ 43. Kg2 Rac7 44. Rb6 R7c6 45. Rxc6 Rxc6 46. a5 Ra6 47. h5 gxh5 48. g6 Kf6 49. Kh3 Kxg6 50. Kh4 Kf6 51. Rd5 Nb7 52. Rd7 Nxa5 53. Bg8 Kg6 54. Bf7+ Kh6 55. Bxh5 Nc6 56. Rd6+ Kh7 57. Kg5 Kg7 58. Be2 1-0


[Site "https://www.chess.com"]

[Event "Titled Tuesday Blitz August 15 Early 2023"]
[White "Ter-Sahakyan, Samvel"]
[Black "Ansh M Shah"]
[WhiteFideId "13302531"]
[BlackFideId "25033379"]
[WhiteElo "2847"]
[BlackElo "2528"]
[Result "1-0"]
[Round "3"]
[TimeControl "180+1"]
[Date "2023.08.15"]
[WhiteClock "0:01:39"]
[BlackClock "0:01:39"]
[Board "39"]

1. c4 Nf6 2. Nc3 e6 3. e4 d6 4. d4 g6 5. Nf3 Bg7 6. Be2 O-O 7. O-O c5 8. dxc5 dxc5 9. Qxd8 Rxd8 10. e5 Nfd7 11. Bg5 f6 12. exf6 Bxf6 13. Rad1 Nc6 14. Ne4 Bxg5 15. Nfxg5 Nde5 16. Rxd8+ Nxd8 17. Nxc5 Ndf7 18. Ncxe6 h6 19. Nxf7 Bxe6 20. Nxe5 1-0


[Site "https://www.chess.com"]

[Event "Titled Tuesday Blitz August 15 Early 2023"]
[White "Lagarde, Maxime"]
[Black "Pinero Rodriguez, Carlos Jose"]
[WhiteFideId "662399"]
[BlackFideId "3901726"]
[WhiteElo "2837"]
[BlackElo "2473"]
[Result "1-0"]
[Round "3"]
[TimeControl "180+1"]
[Date "2023.08.15"]
[WhiteClock "0:00:27"]
[BlackClock "0:00:05"]
[Board "40"]

1. d4 Nf6 2. Bg5 Ne4 3. h4 c5 4. dxc5 Qa5+ 5. Nd2 Nxg5 6. hxg5 Qxc5 7. Ngf3 g6 8. c3 Bg7 9. e3 Nc6 10. Bd3 h5 11. Qa4 d6 12. Nb3 Qb6 13. Qf4 Be6 14. Bc2 a6 15. Nfd4 Bd7 16. Nxc6 bxc6 17. O-O-O c5 18. Nd2 Be6 19. Ba4+ Kf8 20. Nc4 Qc7 21. Bb3 Kg8 22. e4 Rb8 23. Qd2 a5 24. Qd3 Qa7 25. Nd2 Qb7 26. Qc2 Bxb3 27. Qxb3 Qxb3 28. axb3 Kh7 29. Kc2 Ra8 30. Ra1 Rhb8 31. g4 Be5 32. gxh5 gxh5 33. Rxh5+ Kg6 34. Rah1 Bg7 35. f4 e6 36. Nf1 a4 37. Ng3 axb3+ 38. Kd3 f6 39. f5+ exf5 40. exf5+ Kf7 41. g6+ Ke7 42. Rh7 Rg8 43. Nh5 Kf8 44. Re1 d5 45. c4 d4 46. Re6 Re8 47. Rxe8+ Kxe8 48. Nxg7+ 1-0


[Site "https://www.chess.com"]

[Event "Titled Tuesday Blitz August 15 Early 2023"]
[White "Kashefi, Amir Hosein"]
[Black "Timofeev, Artyom"]
[WhiteFideId "12557935"]
[BlackFideId "4140419"]
[WhiteElo "2457"]
[BlackElo "2835"]
[Result "1-0"]
[Round "3"]
[TimeControl "180+1"]
[Date "2023.08.15"]
[WhiteClock "0:00:33"]
[BlackClock "0:00:05"]
[Board "41"]

1. d4 Nf6 2. Nf3 b6 3. g3 Bb7 4. Bg2 g6 5. O-O Bg7 6. b3 O-O 7. Bb2 a5 8. Nbd2 a4 9. c4 a3 10. Bc3 b5 11. cxb5 Nd5 12. Rc1 Nxc3 13. Rxc3 c6 14. bxc6 Nxc6 15. e3 Nb4 16. Qb1 Qa5 17. Rfc1 d5 18. Rc7 Ba6 19. R1c5 Qb6 20. Bf1 Bxf1 21. Kxf1 Na6 22. R7c6 Qb7 23. Rc3 Rfc8 24. Rxc8+ Rxc8 25. Rxc8+ Qxc8 26. b4 Qb7 27. b5 Nc7 28. b6 Na8 29. Qb4 Nxb6 30. Qxa3 e6 31. Kg2 Bf8 32. Qb3 Qa6 33. Ne5 Bd6 34. Ndf3 Kg7 35. h4 Nc4 36. Nxc4 dxc4 37. Qc2 Bb4 38. Qe2 Qc6 39. d5 exd5 40. Qb2+ c3 41. Qxb4 c2 42. Nd4 c1=Q 43. Nxc6 Qxc6 44. Qd4+ Kg8 45. a4 h5 46. a5 Qb5 47. Qb6 Qd3 48. a6 Qe4+ 49. Kg1 Qa4 50. a7 Kh7 51. Qb7 1-0


[Site "https://www.chess.com"]